 Dungeon Crawl Stone Soup version 0.25.1-8-g42b30a86e7 (webtiles) character file.

Game seed: 15947703176864849922

431 gruber the Chiller (level 6, -4/41 HPs)
             Began as a Demonspawn Ice Elementalist on Dec 21, 2020.
             Slain by a gnoll
             ... wielding a +0 halberd
              (11 damage)
             ... on level 4 of the Dungeon.
             The game lasted 00:03:35 (4093 turns).

gruber the Chiller (Demonspawn Ice Elementalist)    Turns: 4093, Time: 00:03:36

Health: -4/41      AC:  3    Str: 14    XL:     6   Next: 66%
Magic:  6/9        EV: 14    Int: 19    God:
Gold:   186        SH:  0    Dex: 13    Spells: 5/9 levels left

rFire    . . .     SeeInvis .   m - +1 mace (protect)
rCold    . . .     Gourm    .   (no shield)
rNeg     . . .     Faith    .   a - +0 robe
rPois    .         Spirit   .   (no helmet)
rElec    .         Reflect  .   l - +0 cloak
rCorr    .         Harm     .   (no gloves)
MR       .....                  (no boots)
Stlth    +.........             (no amulet)
HPRegen  0.13/turn              i - +6 ring of strength
MPRegen  0.11/turn              o - ring of attention (curse)

@: frozen ramparts
A: talons 2, repulsion field 1
a: no special abilities


You were on level 4 of the Dungeon.
You were very hungry.

You visited 1 branch of the dungeon, and saw 4 of its levels.

You collected 186 gold pieces.

Inventory:

Hand Weapons
 m - a +1 mace of protection (weapon)
Armour
 a - a +0 robe (worn)
 l - a +0 cloak (worn)
Jewellery
 b - a +6 ring of dexterity
 i - a +6 ring of strength (left hand)
 o - a cursed ring of attention (right hand)
Scrolls
 e - 4 scrolls of remove curse {unknown}
 f - 2 scrolls of immolation {unknown}
 h - a scroll of enchant weapon {unknown}
 k - a scroll of teleportation {unknown}
Potions
 d - a potion of haste {unknown}
 g - a potion of mutation {unknown}
 j - 2 potions of invisibility {unknown}
Comestibles
 c - 9 rations


   Skills:
 - Level 1.7 Dodging
 - Level 1.7 Stealth
 - Level 2.0 Spellcasting
 + Level 7.4 Ice Magic


You had 5 spell levels left.
You knew the following spells:

 Your Spells              Type           Power        Failure   Level  Hunger
a - Freeze                Ice            ####         1%          1    #......
b - Frozen Ramparts       Ice            ####..       2%          3    ###....

Your spell library contained the following spells:

 Spells                   Type           Power        Failure   Level  Hunger
 Ozocubu's Armour         Chrm/Ice       ###.....     11%         3    ###....
 Hailstorm                Conj/Ice       ###.....     36%         4    #####..
 Summon Ice Beast         Ice/Summ       ###.....     36%         4    #####..


Dungeon Overview and Level Annotations

Branches:
Dungeon (4/15)
 Temple: D:4-7

Altars:
Xom


Innate Abilities, Weirdness & Mutations

You have razor-sharp toenails.
You are surrounded by a mild repulsion field. (EV +2)


Message History

The orc is lightly wounded.
The wall freezes the gnoll.
The gnoll hits you from afar with a +0 halberd!
The wall freezes the gnoll.
The wall freezes the orc.
The orc misses you.
Unknown command.
Unknown command.
You are too injured to fight recklessly!
Unknown command.
Unknown command.
The wall freezes the gnoll. x2
The gnoll hits you from afar with a +0 halberd!
* * * LOW HITPOINT WARNING * * *
The wall freezes the orc.
You kill the orc!
The wall freezes the gnoll.
The wall freezes the gnoll!
Unknown command.
Unknown command.
The wall freezes the gnoll.
The wall freezes the gnoll!
The gnoll hits you from afar with a +0 halberd!
You die...

###.###.....?####
[...#........#[.
....$...........
.............#
.......<.....#
....##o..gg..# .
#...g####.#
####g#....#
#.@..# #?#.## #.
.# .. .. ?#. ###
.... .. .. ... ..


You could see 4 gnolls.

Vanquished Creatures
  4 crimson imps (D:3)
  An orc wizard (D:3)
  An orc priest (D:3)
  Crazy Yiuf (D:2)
  Terence (D:3)
  4 gnolls (D:3)
  7 adders
  2 worms
  A dart slug (D:2)
  A leopard gecko (D:2)
  6 orcs
  6 bats
  2 giant cockroaches (D:2)
  8 goblins
  8 hobgoblins
  6 jackals
  5 frilled lizards
  5 kobolds
  6 rats
75 creatures vanquished.

Notes
Turn   | Place    | Note
-------+----------+-------------------------------------------
     0 | D:1      | gruber the Demonspawn Ice Elementalist began the quest for
                  | the Orb.
     0 | D:1      | Reached XP level 1. HP: 13/13 MP: 3/3
   366 | D:1      | Reached skill level 4 in Ice Magic
   405 | D:1      | Gained mutation: You have sharp toenails. [demonic
                  | ancestry]
   405 | D:1      | Reached XP level 2. HP: 5/19 MP: 0/5
  1414 | D:1      | Reached XP level 3. HP: 9/24 MP: 2/6
  1682 | D:2      | Learned a level 3 spell: Frozen Ramparts
  2198 | D:2      | Reached skill level 5 in Ice Magic
  2263 | D:2      | Gained mutation: You are surrounded by a mild repulsion
                  | field. (EV +2) [demonic ancestry]
  2263 | D:2      | Reached XP level 4. HP: 30/30 MP: 7/7
  2725 | D:2      | Found a runed translucent door.
  2732 | D:2      | Noticed Crazy Yiuf
  2738 | D:2      | Killed Crazy Yiuf
  2950 | D:3      | Reached skill level 6 in Ice Magic
  2950 | D:3      | Reached XP level 5. HP: 20/35 MP: 1/8
  3393 | D:3      | Found a shimmering altar of Xom.
  3566 | D:3      | Gained mutation: You have razor-sharp toenails. [demonic
                  | ancestry]
  3566 | D:3      | Reached XP level 6. HP: 41/41 MP: 5/9
  3614 | D:3      | Noticed Terence
  3627 | D:3      | Killed Terence
  3745 | D:3      | Reached skill level 7 in Ice Magic
  4093 | D:4      | Slain by a gnoll

Illustrated notes

Levels and vault maps discovered:
D:1:      dpeg_arrival_court, layout_basic, serial_bayou, serial_bayou_shore_b,
          serial_bayou_lagoon_b, serial_bayou_shore_b, serial_bayou_ford_a,
          serial_bayou_pond_e, serial_bayou_lake_a
D:2:      layout_rooms, serial_glass, glass_columns_a, glass_columns_a,
          glass_columns_b, glass_columns_b, glass_columns_b, glass_columns_a,
          glass_columns_a, glass_columns_b, minmay_strange_pillars,
          feat_on_display, feat_on_display, item_on_display_a,
          minmay_pentomino_x4, uniq_crazy_yiuf_cottage
D:3:      layout_basic, led_xom_imps, uniq_terence
D:4:      layout_rooms, first_ration, portal_sewer_entry_d

Skill      XL: |  1  2  3  4  5  6 |
---------------+-------------------+-----
Ice Magic      | 4 5 6 7 |  7.4
Dodging        | |  1.7
Stealth        | |  1.7
Spellcasting   | |  2.0

Action                   |  1- 3 |  4- 6 || total
-------------------------+-------+-------++-------
Melee: Unarmed           |    48 |    21 ||    69
       Kick              |    11 |    21 ||    32
       Mace              |       |    75 ||    75
 Cast: Freeze            |    28 |     5 ||    33
       Frozen Ramparts   |     5 |    15 ||    20
 Stab: Sleeping          |     2 |     1 ||     3
  Eat: Chunk             |     6 |     6 ||    12
Armor: Robe              |    17 |    18 ||    35
Dodge: Dodged            |    58 |    82 ||   140
